 Dungeon Crawl Stone Soup version 0.24-a0-537-g2d01d4ab0a (webtiles) character file.

Game seed: 6759838432438975587

178 Mithandil the Poker (level 5, -11/45 HPs)
             Began as a Minotaur Gladiator on Aug 15, 2019.
             Mangled by an orc warrior
             ... wielding a +0 scimitar
              (23 damage)
             ... on level 2 of the Dungeon.
             The game lasted 00:08:47 (1038 turns).

Mithandil the Poker (Minotaur Gladiator)            Turns: 1038, Time: 00:08:48

Health: -11/45     AC:  3    Str: 19    XL:     5   Next: 32%
Magic:  4/4        EV: 13    Int:  5    God:
Gold:   70         SH:  4    Dex: 12    Spells: 4/4 levels left

rFire    . . .     SeeInvis .   a - +0 trident
rCold    . . .     Gourm    .   v - +0 buckler
rNeg     . . .     Faith    .   k - +0 leather armour
rPois    .         Spirit   .   c - +0 hat
rElec    .         Reflect  .   (no cloak)
rCorr    .         Harm     .   (no gloves)
MR       .....                  (no boots)
Stlth    +.........             (no amulet)
HPRegen  0.15/turn              (no ring)
MPRegen  0.09/turn              (no ring)

@: no status effects
A: retaliatory headbutt, horns 2
a: no special abilities


You were on level 2 of the Dungeon.
You were hungry.

You visited 1 branch of the dungeon, and saw 3 of its levels.

You collected 70 gold pieces.

Inventory:

Hand Weapons
 a - a +0 trident (weapon)
 b - a +0 hunting sling
 h - a +0 mace
 j - a +0 short sword
 r - a +1 dagger of draining
Missiles
 d - 3 throwing nets
 e - 44 stones
 o - 11 javelins (quivered)
Armour
 c - a +0 hat (worn)
 k - a +0 leather armour (worn)
 q - a +0 shield
 v - a +0 buckler (worn)
 w - a cursed +0 scale mail
Scrolls
 g - a scroll of identify {unknown}
 l - a scroll of fog {unknown}
 m - 3 scrolls of remove curse {unknown}
 s - a scroll of amnesia {unknown}
 t - a scroll of enchant weapon {unknown}
 u - a scroll of teleportation {unknown}
Potions
 n - a potion of flight {unknown}
 p - a potion of curing
Comestibles
 f - 4 rations
 i - 4 chunks of flesh


   Skills:
 + Level 3.2 Fighting
 * Level 4.9 Polearms
 - Level 2.4 Throwing
 + Level 1.9 Armour
 + Level 3.9 Dodging
 * Level 2.4 Shields
 - Level 1.0 Unarmed Combat


You had 4 spell levels left.
You didn't know any spells.
Your spell library was empty.

Dungeon Overview and Level Annotations

Branches:
Dungeon (3/15)

Altars:


Innate Abilities, Weirdness & Mutations

You reflexively headbutt those who attack you in melee.
You have a pair of horns on your head.


Message History

You hit the orc warrior but do no damage.
The orc warrior is severely wounded.
The orc warrior hits you with a +0 scimitar.
* * * LOW HITPOINT WARNING * * *
You completely miss the orc warrior. You headbutt the orc warrior.
The orc warrior is almost dead.
The orc warrior misses you.
You closely miss the orc warrior.
The orc warrior is almost dead.
The orc warrior hits you with a +0 scimitar.
* * * LOW HITPOINT WARNING * * *
You barely miss the orc warrior.
The orc warrior is almost dead.
You block the orc warrior's attack.
You hit the orc warrior.
You headbutt the orc warrior, but do no damage.
The orc warrior is almost dead.
The orc warrior hits you with a +0 scimitar!!
Ouch! That really hurt!
You die...

#.#.........####..
#...........# ..
##..........#
#.............
##............
#.............
#...#.........
##..#.#......
#.@#.######
##o)....###
#......'.#
#......#.#
#....).#.#
#......#.#
########.# #.# #.#


You could see an orc warrior.

Vanquished Creatures
  An orc wizard (D:2)
  Natasha (thrice) (D:2)
  2 adders
  2 oozes (D:1)
  2 worms (D:2)
  3 dart slugs
  A leopard gecko (D:2)
  2 ball pythons (D:1)
  8 bats
  3 giant cockroaches
  7 goblins
  4 kobolds (D:1)
  2 frilled lizards (D:1)
  A rat (D:1)
41 creatures vanquished.

Notes
Turn   | Place    | Note
-------+----------+-------------------------------------------
     0 | D:1      | Mithandil the Minotaur Gladiator began the quest for the
                  | Orb.
     0 | D:1      | Reached XP level 1. HP: 18/18 MP: 0/0
    56 | D:1      | Reached XP level 2. HP: 22/25 MP: 1/1
   140 | D:1      | Reached skill level 4 in Polearms
   349 | D:2      | Noticed Natasha
   353 | D:2      | Killed Natasha
   353 | D:2      | Reached skill level 1 in Armour
   353 | D:2      | Reached skill level 1 in Shields
   353 | D:2      | Reached XP level 3. HP: 22/30 MP: 2/2
   372 | D:3      | Reached skill level 1 in Unarmed Combat
   501 | D:2      | Reached XP level 4. HP: 37/37 MP: 3/3
   552 | D:2      | Noticed Natasha
   558 | D:2      | Killed Natasha
   572 | D:2      | Noticed Natasha
   586 | D:2      | Killed Natasha
   887 | D:1      | Reached XP level 5. HP: 41/45 MP: 4/4
  1024 | D:3      | Noticed an orc warrior
  1038 | D:2      | Mangled by an orc warrior

Levels and vault maps discovered:
D:1:      dpeg_arrival_rhombus, layout_basic, fountainhead, minivault_23
D:2:      layout_basic, uniq_natasha
D:3:      layout_loops_ring, nicolae_overflow_crystal_walls, minmay_fountain_box

Skill      XL: |  1  2  3  4 |
---------------+-------------+-----
Polearms       | 4 |  4.9
Armour         | 1 |  1.9
Shields        | 1 2 |  2.4
Unarmed Combat | 1 |  1.0
Fighting       | 3 |  3.2
Throwing       | |  2.4
Dodging        | |  3.9

Action                   |  1- 3 |  4- 6 || total
-------------------------+-------+-------++-------
Melee: Trident           |    41 |    47 ||    88
       Headbutt          |     4 |    12 ||    16
  Use: Potion            |     2 |       ||     2
Armor: Leather armour    |     4 |     7 ||    11
Dodge: Dodged            |    28 |    30 ||    58
Block: Shield            |     9 |     4 ||    13
       Buckler           |       |     6 ||     6

Table legend:
 A = Non-vault XP
 B = Vault XP
 C = Vault XP percentage of total XP
 D = Non-vault monster count
 E = Vault monster count
 F = Vault count percentage of total count
                 A         B        C        D         E       F
            +---------+---------+-------+---------+---------+-------
      Total |     220 |      35 |  13.7 |      40 |       1 |   2.4
            +---------+---------+-------+---------+---------+-------
        D:1 |      49 |       0 |   0.0 |      21 |       0 |   0.0
        D:2 |     150 |      35 |  18.9 |      15 |       1 |   6.2
        D:3 |      21 |       0 |   0.0 |       4 |       0 |   0.0
            +---------+---------+-------+---------+---------+-------
